 Dungeon Crawl Stone Soup version 0.19.0-19-g8c6edcc (webtiles) character file.

275 Chiseanne the Magician (level 6, -1/61 HPs)
             Began as a Demonspawn Wizard on Nov 14, 2016.
             Killed from afar by an orc wizard (5 damage)
             ... with a puff of frost
             ... on level 4 of the Dungeon.
             The game lasted 00:08:25 (5087 turns).

Chiseanne the Magician (Demonspawn Wizard)          Turns: 5087, Time: 00:08:26

Health: -1/61      AC:  4    Str: 17    XL:     6   Next: 3%
Magic:  0/13       EV: 12    Int: 21    God:
Gold:   126        SH:  0    Dex: 11    Spells: 4 memorised, 5 levels left

rFire  + . .     SeeInvis .     a - +2 flail (drain)
rCold  . . .     Gourm    .     w - +0 robe
rNeg   + . .     Faith    .     (no shield)
rPois  .         Spirit   +     h - +1 helmet
rElec  .         Reflect  .     (no cloak)
rCorr  .         Harm     .     (no gloves)
MR     .....                    (no boots)
Stlth  ..........               (no amulet)
                                q - +4 ring of strength
                                m - ring of positive energy

@: berserking, very slightly contaminated, very quick
A: fire resistance 1, magic shield, flame cloud immunity
a: no special abilities


You were on level 4 of the Dungeon.
You were not hungry.

You visited 1 branch of the dungeon, and saw 4 of its levels.

You collected 126 gold pieces.

Inventory:

Hand Weapons
 a - a +2 flail of draining (weapon)
Missiles
 e - 14 sling bullets
 i - 48 arrows
 n - 91 stones (quivered)
Armour
 h - a +1 helmet (worn)
 w - a +0 robe (worn)
Jewellery
 m - a ring of positive energy (left hand)
 q - a +4 ring of strength (right hand)
Scrolls
 g - a scroll of remove curse
 r - a scroll of teleportation
 t - 2 scrolls of blinking
Potions
 k - a potion of heal wounds
 o - 2 potions of cancellation
 p - a potion of flight {unknown}
 u - a potion of brilliance {unknown}
Books
 c - a book of Minor Magic

   Spells                             Type                      Level
   a - Magic Dart                     Conjuration                  1
   b - Blink                          Translocation                2
   c - Call Imp                       Summoning                    2
   d - Repel Missiles                 Charms/Air                   2
   e - Slow                           Hexes                        2
   f - Conjure Flame                  Conjuration/Fire             3
   g - Mephitic Cloud                 Conjuration/Poison/Air       3
Comestibles
 b - 3 chunks of flesh
 d - 2 bread rations


   Skills:
 - Level 1.7 Dodging
 - Level 1.7 Stealth
 * Level 4.9 Spellcasting
 * Level 4.2 Conjurations
   Level 1.0 Summonings
 - Level 0.8 Translocations


You had 5 spell levels left.
You knew the following spells:

 Your Spells              Type           Power        Failure   Level  Hunger
a - Magic Dart            Conj           ###.         1%          1    None
b - Mephitic Cloud        Conj/Pois/Air  ##......     21%         3    ##.....
c - Conjure Flame         Conj/Fire      ##......     17%         3    ##.....
d - Blink                 Tloc           N/A          12%         2    None


Dungeon Overview and Level Annotations

Branches:
Dungeon (4/15)
 Temple: D:4-7

Altars:
Qazlal
Xom

Annotations:
D:3 Terence
D:4 HungrySpirit's ghost, amateur HOWn


Innate Abilities, Weirdness & Mutations

Your flesh is heat resistant. (rF+)
When hurt, damage is shared between your health and your magic reserves.
You are immune to clouds of flame.


Message History

The orc wizard barely misses you.
The orc wizard hits you with an enchanted dagger.
* * * LOW HITPOINT WARNING * * *
Something hits you.
* * * LOW HITPOINT WARNING * * *
You sock the orc wizard!
You kill the orc wizard!
You have reached level 6!
Your experience leads to an increase in your attributes!
Your base attributes are Str 8, Int 20, Dex 11.
Increase (S)trength, (I)ntelligence, or (D)exterity?
You feel clever.
The orc wizard gestures at you while chanting.
The puff of flame hits you! You resist.
* * * LOW HITPOINT WARNING * * *
The giant cockroach barely misses you. Something hits you.
* * * LOW HITPOINT WARNING * * *
The orc wizard casts a spell at you. The puff of frost hits you!
You die...

########
#......#
##......#
#.......#
#.).....#
#......#
#......####
#..@s.....##
#.o{w.......
#...[.......
#...<.$?....
####.#......
#........
##.#.....
.###>.# .#
.#


You could see a worm, an orc wizard and a giant cockroach.

Vanquished Creatures
  The ghost of vev the Firebug, a weakling FoFE (D:3)
  2 hounds (D:4)
  An orc wizard (D:4)
  Robin (D:1)
  3 adders (D:3)
  2 oozes
  An adder skeleton (D:4)
  2 worms
  3 dart slugs
  2 leopard geckos
  3 orcs
  3 ball pythons
  2 giant cockroaches
  14 goblins
  16 hobgoblins
  2 jackals (D:3)
  8 bats
  5 frilled lizards
  6 kobolds
  10 rats
87 creatures vanquished.

Notes
Turn   | Place    | Note
-------+----------+-------------------------------------------
     0 | D:1      | Chiseanne the Demonspawn Wizard began the quest for the Orb.
     0 | D:1      | Reached XP level 1. HP: 13/13 MP: 4/4
   299 | D:1      | Gained mutation: Your flesh is heat resistant. (rF+) [demonic ancestry]
   299 | D:1      | Reached XP level 2. HP: 19/19 MP: 0/6
  1471 | D:1      | Gained mutation: You are immune to clouds of flame. [demonic ancestry]
  1471 | D:1      | Reached XP level 3. HP: 24/24 MP: 2/8
  2190 | D:2      | Noticed Robin
  2238 | D:1      | Killed Robin
  2961 | D:2      | Gained mutation: When hurt, damage is shared between your health and your magic reserves. [demonic ancestry]
  2961 | D:2      | Reached XP level 4. HP: 30/30 MP: 1/9
  3247 | D:2      | Found a stormy altar of Qazlal.
  3379 | D:3      | Noticed Terence
  3389 | D:3      | Learned a level 3 spell: Mephitic Cloud
  3393 | D:3      | Learned a level 3 spell: Conjure Flame
  3396 | D:3      | Learned a level 2 spell: Blink
  3610 | D:3      | Noticed vev's ghost (weakling FoFE)
  3618 | D:3      | Killed vev's ghost
  3901 | D:3      | Reached XP level 5. HP: 35/35 MP: 7/11
  4910 | D:4      | Found a shimmering altar of Xom.
  4927 | D:4      | Noticed HungrySpirit's ghost (amateur HOWn)
  5087 | D:4      | Reached XP level 6. HP: 9/41 MP: 1/13
  5087 | D:4      | Killed from afar by an orc wizard

Skill      XL: |  1  2  3  4  5 |
---------------+----------------+-----
Conjurations   | 2 3 4 |  4.2
Spellcasting   | 4 |  4.9
Dodging        | |  1.7
Stealth        | |  1.7
Summonings     | |  1.0
Translocations | |  0.8

Action                   |  1- 3 |  4- 6 || total
-------------------------+-------+-------++-------
Melee: Club              |    43 |       ||    43
       Mace              |       |     1 ||     1
       Flail             |       |    33 ||    33
 Cast: Magic Dart        |   105 |    98 ||   203
       Blink             |       |     1 ||     1
  Use: Potion            |     4 |     3 ||     7
       Scroll            |       |     8 ||     8
  Eat: Chunk             |     6 |     7 ||    13
Armor: Robe              |     5 |    23 ||    28
Dodge: Dodged            |    43 |    44 ||    87
